 Dungeon Crawl Stone Soup version 0.17-a0-1007-gb2305a1 (webtiles) character file.

130 PhynixH2O the Grave Robber (level 4, -2/30 HPs)
             Began as a Vampire Necromancer on May 13, 2015.
             Shot with an arrow by a centaur (6 damage)
             ... on level 3 of the Dungeon.
             The game lasted 00:21:47 (3060 turns).

PhynixH2O the Grave Robber (Vampire Necromancer)    Turns: 3060, Time: 00:21:47

Health: -2/30      AC:  2    Str:  7    XL:     4   Next: 90%
Magic:  6/9        EV: 13    Int: 20    God:
Gold:   155        SH:  0    Dex: 14    Spells: 4 memorised, 1 level left

rFire  . . .     SeeInvis +     e - +3 spear
rCold  . . .     Clarity  +     a - +0 robe
rNeg   + . .     SustAb   .     (no shield)
rPois  .         Gourm    .     (no helmet)
rElec  .         Spirit   .     (no cloak)
rCorr  .         Warding  .     (no gloves)
rMut   .         Stasis   .     (no boots)
MR     .....                    n - amulet of clarity
Stlth  +++.......               (no ring)
                                j - +2 ring of intelligence

@: regenerating, not resistant to hostile enchantments, fairly stealthy
A: fangs 3, see invisible, unbreathing
a: Bat Form


You were on level 3 of the Dungeon.
You were not thirsty.

You visited 1 branch of the dungeon, and saw 3 of its levels.

You collected 155 gold pieces.

Inventory:

Hand weapons
 e - a +3 spear (weapon)
Armour
 a - a +0 robe (worn)
Jewellery
 j - a +2 ring of intelligence (left hand)
 n - an amulet of clarity (around neck)
 q - a +4 ring of intelligence
Magical devices
 p - a wand of polymorph (10)
Scrolls
 d - 2 scrolls of immolation {unknown}
 f - a scroll of blinking {unknown}
 g - a scroll of fog {unknown}
 h - a scroll of fear {unknown}
 k - a scroll of amnesia {unknown}
 m - a scroll of identify {unknown}
Potions
 c - 12 potions of blood
 i - a potion of haste {unknown}
 l - a potion of poison {unknown}
 o - a potion of lignification {unknown}
 r - a potion of curing {unknown}
Books
 b - a book of Necromancy

   Spells                             Type                      Level
   a - Pain                           Necromancy                   1
   b - Animate Skeleton               Necromancy                   1
   c - Vampiric Draining              Necromancy                   3
   d - Regeneration                   Charms/Necromancy            3
   e - Animate Dead                   Necromancy                   4
   f - Control Undead                 Necromancy                   4


   Skills:
 + Level 2.9 Dodging
 + Level 3.4 Stealth
 + Level 3.3 Spellcasting
 + Level 5.4 Necromancy


You had one spell level left.
You knew the following spells:

 Your Spells              Type           Power        Failure   Level  Hunger
a - Pain                  Necr           ####         1%          1    None
b - Animate Skeleton      Necr           N/A          1%          1    None
c - Regeneration          Chrm/Necr      ##........   14%         3    ###....
d - Vampiric Draining     Necr           ####......   6%          3    ###....


Dungeon Overview and Level Annotations

Branches:
Dungeon (3/15)

Altars:
Makhleb
Okawaru
Sif Muna


Innate Abilities, Weirdness & Mutations

You have razor-sharp teeth.
You have supernaturally acute eyesight.
You can survive without breathing.


Message History

Things that are here:
an arrow; a club The centaur unwields an uncursed flail.
The centaur wields an uncursed shortbow.
The centaur shoots an arrow.
The arrow hits your orc skeleton!
Your orc skeleton is destroyed!
The centaur shoots an arrow.
The arrow hits you!
You see here 3 arrows.
The centaur shoots an arrow.
The arrow hits you!
You see here an arrow.
Casting: Animate Skeleton
Confirm with . or Enter, or press ? or * to list all spells.
Your skin crawls.
The centaur shoots an arrow.
The arrow hits you.
* * * LOW HITPOINT WARNING * * *
You see here an arrow.
The centaur shoots an arrow.
The arrow hits you.
* * * LOW HITPOINT WARNING * * *
The centaur shoots an arrow.
The arrow hits you.
You die...

#.#.......#
#.#..###..######## . #..#
#.........###
#.##.###..#####....######
#................§......#
#.####..#.##.##§§..§#.#.#
#.####..#.##.##§§§§§§.#
#.........##...§§§§§..#
#####...#######§@§.§#.#
.....#..# #(#####...
#.###...# #(# #.# .....#
#(# .# ####..# #(# # #..#
#.# #..# #.# #..# #c# #l#


You could see a centaur.

Vanquished Creatures
  Jessica (D:3)
  A hound zombie (D:3)
  2 adders (D:2)
  An ooze (D:1)
  A worm (D:2)
  2 giant geckos
  2 orcs (D:3)
  A ball python (D:1)
  6 giant cockroaches
  9 hobgoblins
  A quokka (D:2)
  3 bats
  2 giant newts
  7 goblins
  7 jackals (D:1)
  7 kobolds
  8 rats
61 creatures vanquished.

Vanquished Creatures (collateral kills)
  An orc (D:3)
  A hobgoblin (D:2)
  A bat (D:2)
  A kobold (D:1)
  4 rats
8 creatures vanquished.

Grand Total: 69 creatures vanquished

Notes
Turn   | Place    | Note
--------------------------------------------------------------
     0 | D:1      | PhynixH2O the Vampire Necromancer began the quest for the Orb.
     0 | D:1      | Reached XP level 1. HP: 13/13 MP: 3/3
     3 | D:1      | Learned a level 1 spell: Animate Skeleton
   412 | D:1      | Reached XP level 2. HP: 16/19 MP: 0/5
   626 | D:1      | Reached skill level 5 in Necromancy
   834 | D:1      | Reached XP level 3. HP: 17/24 MP: 2/6
  1230 | D:2      | Found an iron altar of Okawaru.
  1682 | D:2      | Found a deep blue altar of Sif Muna.
  1917 | D:2      | Reached XP level 4. HP: 26/30 MP: 5/8
  2151 | D:2      | Found a burning altar of Makhleb.
  2526 | D:3      | Learned a level 3 spell: Regeneration
  2532 | D:3      | Learned a level 3 spell: Vampiric Draining
  2735 | D:3      | Noticed Jessica
  2743 | D:3      | Killed Jessica
  3048 | D:3      | Noticed a centaur
  3060 | D:3      | Shot with an arrow by a centaur

Vault maps used:
D:1:      dpeg_arrival_tiny_a, minmay_misc_feat_room
D:2:      bloody_makhleb, nicolae_overflow_crystal_walls, okawaru_trees_1,
          first_bread
D:3:      serial_undead, serial_undead_a, serial_undead_f, serial_undead_f,
          serial_undead_a, uniq_sigmund, uniq_jessica, uniq_crazy_yiuf_cottage

Action                   |  1- 3 |  4- 6 || total
-------------------------+-------+-------++-------
Melee: Short sword       |    18 |       ||    18
       Spear             |    12 |    20 ||    32
 Cast: Pain              |    58 |    37 ||    95
       Animate Skeleton  |     9 |     7 ||    16
       Regeneration      |       |     1 ||     1
  Use: Potion            |     3 |     6 ||     9
 Stab: Distracted        |       |     1 ||     1
